 Dungeon Crawl Stone Soup version 0.31-a0-496-g6f97920a28 (webtiles) character file.

Game seed: 11056779224919346428

39 AstroCodex24 the Trooper (level 3, 0/29 HPs)
             Began as a Vampire Fighter on Aug 8, 2023.
             Slain by a gnoll
             ... wielding a +0 club
              (1 damage)
             ... on level 4 of the Dungeon.
             The game lasted 00:03:15 (632 turns).

AstroCodex24 the Trooper (Vampire Fighter)           Turns: 632, Time: 00:03:15

Health: 0/29       AC:  6    Str: 17    XL:     3   Next: 28%
Magic:  3/3        EV:  9    Int: 10    God:
Gold:   73         SH:  4    Dex: 13    Spells: 2/2 levels left

rFire   . . .        a - +0 war axe
rCold   . . .        c - +0 buckler
rNeg    . . .        b - +0 scale mail
rPois   .            (no helmet)
rElec   .            (no cloak)
rCorr   .            (no gloves)
SInv    +            (no boots)
Will    .....        (no amulet) Stlth
                     (no ring)
HPRegen 0.44/turn    (no ring)
MPRegen 0.08/turn

%: no passive effects
@: healing quickly
A: alive, fangs 3, see invisible, vampiric 2
a: Exsanguinate


You were on level 4 of the Dungeon.
You visited 1 branch of the dungeon, and saw 4 of its levels.

You collected 73 gold pieces.

Inventory:

Hand Weapons
 a - a +0 war axe (weapon)
Armour
 b - a +0 scale mail (worn)
 c - a +0 buckler (worn)
 j - a +0 helmet
Jewellery
 k - an amulet of magic regeneration
Scrolls
 f - a scroll of identify {unknown}
 i - a scroll of poison {unknown}
Potions
 d - a potion of might
 e - a potion of cancellation {unknown}
 g - a potion of haste {unknown}
 h - a potion of resistance {unknown}


   Skills:
 + Level 3.0 Fighting
 + Level 2.5 Axes
 + Level 2.6 Armour
 + Level 0.4 Dodging
 + Level 2.9 Shields


You had 2 spell levels left.
You didn't know any spells.
Your spell library was empty.

Dungeon Overview and Level Annotations

Branches:
Dungeon (4/15)
 Temple: D:4-7

Altars:

Annotations:
D:1 2 runed translucent doors


Innate Abilities, Weirdness & Mutations

Your natural rate of healing is accelerated.
You have razor-sharp teeth.
You have supernaturally acute eyesight. (SInv)
You are afflicted with vampirism and can become a bat while bloodless.


Message History

You barely miss the gnoll. The gnoll hits you with a +0 club.
You hit the gnoll.
The gnoll is moderately wounded.
You block the gnoll's attack. The gnoll barely misses you.
You hit the gnoll.
The gnoll is severely wounded.
You hit the gnoll.
The gnoll is moderately wounded.
You barely miss the gnoll. The gnoll hits you with a +0 club. x2
You hit the gnoll.
The gnoll is heavily wounded.
You hit the gnoll. The gnoll hits you but does no damage.
The gnoll hits you with a +0 club! The gnoll barely misses you.
The gnoll hits you but does no damage.
You hit the gnoll.
You kill the gnoll!
You barely miss the gnoll. The gnoll completely misses you.
The gnoll hits you with a +0 club.
* * * LOW HITPOINT WARNING * * *
You see here a +0 club.
The gnoll attacks as you move away! The gnoll hits you with a +0 club.
* * * LOW HITPOINT WARNING * * *
2 gnolls come into view.
The gnoll shouts! x2
You block the gnoll's attack. The gnoll attacks as you move away!
You block the gnoll's attack. The gnoll hits you but does no damage.
The gnoll misses you.
You barely miss the gnoll.
The gnoll is severely wounded.
You block the gnoll's attack. The gnoll hits you with a +0 club.
* * * LOW HITPOINT WARNING * * *
The gnoll hits you with a +0 club.
* * * LOW HITPOINT WARNING * * *
You closely miss the gnoll.
The gnoll is severely wounded.
The gnoll hits you from afar with a +0 spear.
* * * LOW HITPOINT WARNING * * *
The gnoll hits you with a +0 club.
You die...

#..# #..#
#..#
##..###
..... #..#
#######..#
#<)....g@#
#.#####.##
#.# #g#
#.# #g.
#.# #.#.
... ###.#
#.# # .##
.


You could see 3 gnolls.

Vanquished Creatures
  A gnoll (D:4)
  A worm (D:2)
  2 dart slugs (D:1)
  4 endoplasms
  A giant cockroach (D:2)
  A goblin (D:1)
  A hobgoblin (D:1)
  3 jackals (D:2)
  A quokka (D:1)
  4 ball pythons
  A bat (D:1)
  A kobold (D:1)
  A rat (D:1)
22 creatures vanquished.

Notes
Turn   | Place    | Note
-------+----------+-------------------------------------------
     0 | D:1      | AstroCodex24 the Vampire Fighter began the quest for the
                  | Orb.
     0 | D:1      | Reached XP level 1. HP: 17/17 MP: 1/1
    40 | D:1      | Found a large runed translucent door.
    41 | D:1      | Found a large runed translucent door.
    41 | D:1      | Noticed an ogre
    43 | D:1      | Noticed an ogre
    45 | D:1      | Noticed an ogre
    52 | D:1      | Noticed an ogre
    68 | D:1      | Reached XP level 2. HP: 22/23 MP: 2/2
   447 | D:2      | Reached skill level 3 in Fighting
   484 | D:2      | Found a faded altar of an unknown god.
   564 | D:2      | Gained mutation: You are afflicted with vampirism and can
                  | become a bat while bloodless. [Vampire growth]
   564 | D:2      | Reached XP level 3. HP: 29/29 MP: 3/3
   632 | D:4      | HP: 1/29 [gnoll/+0 spear (2)]
   632 | D:4      | Slain by a gnoll

Illustrated notes

Levels and vault maps discovered:
D:1:      erik_arrival_cave_to_civilisation [erik_arrival_cave_to_temple],
          layout_basic, serial_shops, nicolae_shop_waterfront
D:2:      layout_rooms, shapermc_ecumenical_altar_mp_highgroup
D:3:      layout_basic, serial_bayou_lagoon_a, kennysheep_pointless_box,
          uniq_ijyb
D:4:      layout_loops_ring, amcnicky_altar_gilded,
          gammafunk_temple_overflow_wave

Skill      XL: |  1  2 |
---------------+-------+-----
Axes           | 2 |  2.5
Fighting       | 3 |  3.0
Armour         | |  2.6
Dodging        | |  0.4
Shields        | |  2.9

Action                     || total
---------------------------++-------
  Melee: War axe           ||    64
         Bite              ||     8
 Armour: Scale mail        ||    34
  Dodge: Dodged            ||    22
  Block: Buckler           ||    18

Table legend: (Time is in decaauts)
 A = Elapsed time spent in this place.
 B = Non-inter-level travel time spent in this place.
 C = Inter-level travel time spent in this place.
 D = Time resting spent in this place.
 E = Time spent auto-exploring this place.
 F = Levels seen in this place.
 G = Mean time per level.
                   A        B        C        D        E       F      G
               +--------+--------+--------+--------+--------+-----+--------+
         Total |    661 |    655 |      6 |      0 |      0 |   4 |  165.2 |
       Dungeon |    661 |    655 |      6 |      0 |      0 |   4 |  165.2 |
               +--------+--------+--------+--------+--------+-----+--------+

Top non-repeatable levels by time:
     D:1: 453 daAuts
     D:2: 160 daAuts
     D:4: 23 daAuts
     D:3: 23 daAuts
